 Dungeon Crawl Stone Soup version 0.22-a0-815-gb582571 (webtiles) character file.

228 varam the Digger (level 6, 0/36 HPs)
             Began as an Octopode Earth Elementalist on July 23, 2018.
             Succumbed to a scorpion's poison
             ... on level 4 of the Dungeon.
             The game lasted 00:14:28 (4238 turns).

varam the Digger (Octopode Earth Elementalist)      Turns: 4238, Time: 00:14:29

Health: 0/36       AC:  1    Str:  7    XL:     6   Next: 2%
Magic:  2/11       EV: 13    Int: 19    God:
Gold:   238        SH:  0    Dex: 13    Spells: 8/12 levels left

rFire    . . .     SeeInvis .   l - +3 dagger
rCold    . . .     Gourm    .   (no shield)
rNeg     . . .     Faith    .   (helmet restricted)
rPois    .         Spirit   .   (no amulet)
rElec    .         Reflect  .   (no ring)
rCorr    .         Harm     .   (no ring)
MR       .....                  (no ring)
Stlth    +++.......             (no ring)
HPRegen  0.12/turn              (no ring)
MPRegen  0.12/turn              (no ring)
                                (no ring)
                                (no ring)

@: lethally poisoned (0 -> -17), about to teleport, very slightly contaminated
A: almost no armour, stealthy swim, amphibious, 8 rings, constrict 8, camouflage
1, gelatinous body 1
a: no special abilities


You were on level 4 of the Dungeon.
You were not hungry.

You visited 1 branch of the dungeon, and saw 4 of its levels.

You collected 238 gold pieces.

Inventory:

Hand Weapons
 k - a +1 dagger of freezing
 l - a +3 dagger (weapon)
Missiles
 b - 22 stones
 m - a tomahawk (quivered)
Armour
 n - a +0 cloak
 o - the +2 robe of Ofimott {rElec Int+2, unknown}
   (You found it on level 4 of the Dungeon)

   It affects your intelligence (+2).
   It insulates you from electricity.
Scrolls
 c - a scroll of fear {unknown}
 d - a scroll of enchant weapon
 f - 2 scrolls of enchant armour
 h - a scroll of random uselessness {unknown}
 j - 2 scrolls of magic mapping {unknown}
 s - a scroll of fog
 t - a scroll of teleportation
 w - a scroll of remove curse
Comestibles
 a - a chunk of flesh
 e - 6 rations


   Skills:
 - Level 2.0 Dodging
 - Level 2.6 Stealth
 + Level 3.7 Spellcasting
 + Level 2.5 Conjurations
   Level 1.0 Transmutations
 + Level 4.5 Earth Magic


You had 8 spell levels left.
You knew the following spells:

 Your Spells              Type           Power        Failure   Level  Hunger
a - Sandblast             Erth           ###...       2%          1    None
b - Stone Arrow           Conj/Erth      ###...       10%         3    ###....

Your spell library contained the following spells:

 Spells                   Type           Power        Failure   Level  Hunger
 Passwall                 Tmut/Erth      ##......     7%          2    ##.....
 Lee's Rapid Deconstruct  Erth           ###.......   52%         5    ######.
 Petrify                  Tmut/Erth      ##......     41%         4    ####...


Dungeon Overview and Level Annotations

Branches:
Dungeon (4/15)
 Temple: D:4-7

Altars:
Dithmenos
Yredelemnul

Annotations:
D:3 Grinder


Innate Abilities, Weirdness & Mutations

You cannot wear most types of armour.
You are very stealthy in the water. (Stealth+)
You are amphibious.
You can wear up to eight rings at the same time.
You can use your tentacles to constrict eight enemies at once.
Your skin changes colour to match your surroundings (Stealth+).
Your rubbery body absorbs attacks. (AC +1, EV +1)


Message History

The scorpion is severely wounded.
You constrict the scorpion.
* * * LOW HITPOINT WARNING * * *
You feel sick. The scorpion barely misses you.
You hit the scorpion.
You kill the scorpion!
Your life force feels restored.
You have reached level 6!
Your experience leads to an increase in your attributes!
Increase (S)trength, (I)ntelligence, or (D)exterity?
Uppercase letters only, please.
You feel clever.
* * * LOW HITPOINT WARNING * * *
You feel sick.
You aren't carrying any potions.
As you read the scroll of teleportation, it crumbles to dust.
You feel strangely unstable.
* * * LOW HITPOINT WARNING * * *
You feel sick.
You die...

### #.# ### #.#######.. #
#.......#.#######.#
########.......#.........#
#..............#.........#
#..........#####..........
#........................#
#..............@(((......#
#...........####..........
########.##.####..........
#########......##...####.?.
...................... ..
####....####...##...... .
#.....###...##.......
#........ ...##.(####
#............#


There were no monsters in sight!

Vanquished Creatures
  A scorpion (D:4)
  2 worker ants (D:4)
  A hound skeleton (D:4)
  3 adders
  A gnoll (D:2)
  An ooze (D:4)
  A dart slug (D:1)
  A leopard gecko (D:2)
  14 orcs
  5 giant cockroaches
  11 goblins
  4 hobgoblins
  4 jackals (D:1)
  2 kobolds (D:1)
  2 quokkas
  3 bats
  3 frilled lizards
  5 rats
  A spectral orc (D:3)
65 creatures vanquished.

Vanquished Creatures (others)
  A plant (D:4)
1 creature vanquished.

Grand Total: 66 creatures vanquished

Notes
Turn   | Place    | Note
-------+----------+-------------------------------------------
     0 | D:1      | varam the Octopode Earth Elementalist began the quest for the Orb.
     0 | D:1      | Reached XP level 1. HP: 11/11 MP: 3/3
   240 | D:1      | Reached XP level 2. HP: 17/17 MP: 3/5
  1148 | D:2      | Found a shadowy altar of Dithmenos.
  1229 | D:2      | Reached XP level 3. HP: 14/21 MP: 6/6
  1237 | D:2      | Learned a level 3 spell: Stone Arrow
  2280 | D:2      | Reached skill level 1 in Conjurations
  2547 | D:3      | Reached XP level 4. HP: 27/27 MP: 4/8
  2933 | D:3      | Noticed Grinder
  3058 | D:2      | Reached skill level 4 in Earth Magic
  3527 | D:4      | Reached XP level 5. HP: 27/31 MP: 0/10
  3677 | D:4      | Noticed an orc warrior
  3733 | D:3      | Found a basalt altar of Yredelemnul.
  4095 | D:4      | Got an ichor-stained robe
  4236 | D:4      | Reached XP level 6. HP: 4/36 MP: 2/11
  4237 | D:4      | HP: 1/36 [poisoned by a scorpion]
  4238 | D:4      | Succumbed to a scorpion's poison

Vault maps used:
D:1:      co_arrival_random_square_maze
D:2:      old_standard_altar, kennysheep_generic_room_14
D:3:      yredelemnul_forgotten_temple_becter, small_statue_intersection,
          chequers_big_river, nrook_mini_vaults, grunt_ministairs_9,
          uniq_grinder
D:4:      first_ration, kennysheep_boxes

Skill      XL: |  1  2  3  4  5 |
---------------+----------------+-----
Conjurations   | 1 2 |  2.5
Spellcasting   | 3 |  3.7
Earth Magic    | 4 |  4.5
Dodging        | |  2.0
Stealth        | |  2.6
Transmutations | |  1.0

Action                   |  1- 3 |  4- 6 || total
-------------------------+-------+-------++-------
Melee: Unarmed           |    48 |    55 ||   103
       Constrict         |    16 |    18 ||    34
       Tentacles         |     7 |    15 ||    22
       Dagger            |       |     8 ||     8
Throw: Tomahawk          |       |     2 ||     2
       Stone             |       |     1 ||     1
 Cast: Sandblast         |    32 |       ||    32
       Stone Arrow       |     4 |    19 ||    23
  Use: Potion            |     5 |       ||     5
       Scroll            |       |     7 ||     7
 Stab: Sleeping          |     8 |     1 ||     9
  Eat: Chunk             |     5 |     8 ||    13
Armor: Skin              |     5 |     2 ||     7
Dodge: Dodged            |    41 |    38 ||    79

Table legend:
 A = Spawn XP
 B = Non-spawn XP
 C = Spawn XP percentage of total XP
 D = Spawn monster count
 E = Non-spawn monster count
 F = Spawn count percentage of total count
 G = Total turns spent on level
                    A         B        C        D         E        F      G
               +---------+---------+-------+---------+---------+-------+---------
         Total |       0 |     326 |   0.0 |       0 |      65 |   0.0 |  4238
               +---------+---------+-------+---------+---------+-------+---------
           D:1 |       0 |      30 |   0.0 |       0 |      17 |   0.0 |  1193
           D:2 |       0 |      69 |   0.0 |       0 |      22 |   0.0 |  1605
           D:3 |       0 |      39 |   0.0 |       0 |      12 |   0.0 |   664
           D:4 |       0 |     188 |   0.0 |       0 |      14 |   0.0 |   776
               +---------+---------+-------+---------+---------+-------+---------
